 Dungeon Crawl Stone Soup version 0.26-b1-32-g5d43845318 (webtiles) character file.

Game seed: 6730313125137929079

295 Borgoz the Cudgeller (level 6, 0/37 HPs)
             Began as a Gargoyle Gladiator on Jan 10, 2021.
             Slain by an iguana (6 damage)
             ... on level 4 of the Dungeon.
             The game lasted 00:03:15 (2502 turns).

Borgoz the Cudgeller (Gargoyle Gladiator)           Turns: 2502, Time: 00:03:15

Health: 0/37       AC:  8    Str: 18    XL:     6   Next: 34%
Magic:  6/6        EV: 13    Int:  8    God:
Gold:   148        SH:  0    Dex: 13    Spells: 5/5 levels left

rFire    . . .     SeeInvis .   a - +1 flail
rCold    . . .     Faith    .   (no shield)
rNeg     + . .     Spirit   .   b - +0 leather armour
rPois    ∞         Reflect  .   r - +1 hat
rElec    +         Harm     .   (no cloak)
rCorr    .         Rampage  .   (no gloves)
Will     .....                  (no boots)
Stlth    +.........             (no amulet)
HPRegen  0.12/turn              (no ring)
MPRegen  0.10/turn              (no ring)

@: no status effects
A: negative energy resistance 1, electricity resistance, unbreathing,
petrification resistance, miasma immunity, AC +4
a: no special abilities


You were on level 4 of the Dungeon.
You visited 2 branches of the dungeon, and saw 7 of its levels.

You collected 148 gold pieces.

Inventory:

Hand Weapons
 a - a +1 flail (weapon)
Armour
 b - a +0 leather armour (worn)
 r - a +1 hat (worn)
Scrolls
 e - a scroll of blinking {unknown}
 i - a scroll of fog
 l - a scroll of magic mapping
 o - a scroll of fear {unknown}
Potions
 k - a potion of magic {unknown}
 n - a potion of berserk rage {unknown}
 q - a potion of heal wounds


   Skills:
 + Level 3.4 Fighting
 * Level 4.6 Maces & Flails
 - Level 1.7 Throwing
 + Level 2.2 Armour
 * Level 3.8 Dodging


You had 5 spell levels left.
You didn't know any spells.
Your spell library contained the following spells:

 Spells                   Type           Power        Failure   Level
 Corona                   Hex            0%           45%         1
 Ensorcelled Hibernation  Hex/Ice        0%           61%         2
 Confusing Touch          Hex            0%           83%         3
 Dazzling Flash           Conj/Hex       0%           83%         3
 Gell's Gravitas          Tloc           0%           83%         3
 Tukima's Dance           Hex            0%           83%         3
 Petrify                  Tmut/Erth      0%           99%         4
 Metabolic Englaciation   Hex/Ice        0%           100%        5
 Yara's Violent Unravell  Hex/Tmut       0%           100%        5


Dungeon Overview and Level Annotations

Branches:
Dungeon (6/15)             Temple (1/1) D:5

Altars:
Ashenzari
Cheibriados
Dithmenos
Elyvilon
Fedhas
Gozag
Hepliaklqana
Kikubaaqudgha
Nemelex Xobeh
Okawaru
Qazlal
Ru
Sif Muna
Trog
Uskayaw
Vehumet
Wu Jian
Xom
Yredelemnul
Zin
The Shining One


Innate Abilities, Weirdness & Mutations

You are resistant to torment.
Your stone body is resilient. (AC +4)
You are immune to poison.
You resist negative energy. (rN+)
You are resistant to electric shocks. (rElec)
You can survive without breathing.
You are immune to petrification.
You are immune to miasma.


Message History

The throwing net barely misses the iguana.
The iguana misses you.
Throw: throwing net
Press: ? - help, Q - select action Shift-Dir - straight line, f/p - iguana
Aim: an iguana (heavily wounded)
You throw a throwing net.
The throwing net completely misses the iguana.
The iguana bites you but does no damage.
You hit the iguana but do no damage.
The iguana is heavily wounded.
The iguana bites you.
You hit the iguana.
The iguana is heavily wounded.
The iguana barely misses you.
You hit the iguana.
The iguana is almost dead.
The iguana bites you!
* * * LOW HITPOINT WARNING * * *
The iguana bites you.
You die...

######### #..(....#
#......# #.......#
#......+ #.......#
#......# #.......##
#......# #........#
#......#
#......#.###...>..#
#.......gl.#......####+##
#......#.#@.............#
#......l.###............#
###......g##
#............#
?.........#
#............#
.........g#
#............###
..........#
#......####...#.
........o.#
#.....†#........
###......g#
#......#........
#.......#
#......#.....##.


You could see an iguana and a goblin.

Vanquished Creatures
  An ogre (D:4)
  A jelly (D:3)
  An orc priest (D:4)
  A worker ant (D:4)
  A gnoll (D:1)
  3 adders
  2 worms
  3 dart slugs (D:1)
  3 leopard geckos (D:1)
  3 orcs (D:4)
  3 ball pythons
  6 giant cockroaches
  7 goblins
  5 hobgoblins
  4 jackals (D:1)
  8 kobolds
  3 quokkas
  10 bats
  3 frilled lizards
  7 rats
75 creatures vanquished.

Notes
Turn   | Place    | Note
-------+----------+-------------------------------------------
     0 | D:1      | Borgoz the Gargoyle Gladiator began the quest for the Orb.
     0 | D:1      | Reached XP level 1. HP: 12/12 MP: 1/1
    40 | D:1      | Reached XP level 2. HP: 10/18 MP: 2/2
   395 | D:1      | Reached XP level 3. HP: 14/22 MP: 3/3
   857 | D:1      | Reached skill level 1 in Armour
  1027 | D:2      | Reached XP level 4. HP: 26/27 MP: 4/4
  1459 | D:2      | Reached skill level 4 in Maces & Flails
  1605 | D:3      | Reached XP level 5. HP: 21/32 MP: 5/5
  1926 | D:3      | You fall into a shaft and drop 3 floors!
  1998 | D:6      | Noticed an ogre
  2010 | D:5      | Entered Level 5 of the Dungeon
  2010 | D:5      | Found a staircase to the Ecumenical Temple.
  2022 | Temple   | Entered the Ecumenical Temple
  2331 | D:4      | Noticed an ogre
  2343 | D:4      | Killed an ogre
  2344 | D:4      | Reached XP level 6. HP: 26/37 MP: 6/6
  2455 | D:4      | Found a broken altar of Ashenzari.
  2502 | D:4      | Slain by an iguana

Illustrated notes

Levels and vault maps discovered:
D:1:      shiori_arrival_maze, layout_rooms, chequers_serial_rivers_micro_e,
          minmay_misc_feat_alley
D:2:      minmay_alternating_diamond, layout_rooms
D:3:      layout_basic
D:4:      layout_gridville, ashenzari_altar_1, uniq_robin
D:5:      cheibrodos_two_vegetables, layout_gridville, temple_statues,
          bh_walls_and_bars, uniq_crazy_yiuf_cottage, uniq_ijyb
D:6:      layout_cave_pods
Temple:   kilobyte_greek_temple

Skill      XL: |  1  2  3  4  5 |
---------------+----------------+-----
Armour         | 1 2 |  2.2
Dodging        | 3 |  3.8
Maces & Flails | 4 |  4.6
Fighting       | 3 |  3.4
Throwing       | |  1.7

Action                   |  1- 3 |  4- 6 || total
-------------------------+-------+-------++-------
Melee: Flail             |   114 |   134 ||   248
Throw: Throwing net      |       |     4 ||     4
  Use: Scroll            |       |     7 ||     7
 Stab: Sleeping          |     1 |       ||     1
Armor: Leather armour    |    74 |    56 ||   130
Dodge: Dodged            |    99 |    93 ||   192
